 Dungeon Crawl Stone Soup version 0.30.1-9-gdf580d7c3d (webtiles) character file.

Game seed: 13803921193791283736

30 monsoonserge the Grasshopper (level 3, -2/27 HPs)
             Began as a Demonspawn Warper on Oct 23, 2023.
             Succumbed to a goblin's poison
             ... on level 2 of the Dungeon.
             The game lasted 00:01:54 (910 turns).

monsoonserge the Grasshopper (Demonspawn Warper)     Turns: 910, Time: 00:01:54

Health: -2/27      AC:  3    Str: 11    XL:     3   Next: 3%
Magic:  6/6        EV: 26    Int: 22    God:
Gold:   65         SH:  0    Dex: 12    Spells: 6/6 levels left

rFire   . . .        a - +0 falchion
rCold   + . .        (no shield)
rNeg    . . .        m - +0 leather armour {rC+}
rPois   .            (no helmet)
rElec   .            (no cloak)
rCorr   .            (no gloves)
SInv    .            (no boots)
Will    .....        e - amulet of the acrobat
Stlth   +            i - +6 ring of intelligence
HPRegen 0.24/turn    (no ring)
MPRegen 0.10/turn

%: acrobat
@: lethally poisoned (-2 -> -25), acrobatic
A: foul stench 1
a: no special abilities


You were on level 2 of the Dungeon.
You visited 1 branch of the dungeon, and saw 2 of its levels.

You collected 65 gold pieces.

Inventory:

Hand Weapons
 a - a +0 falchion (weapon)
Missiles
 d - 7 boomerangs of dispersal
 k - 4 poisoned darts (quivered)
Armour
 l - a +0 plate armour
 m - a +0 leather armour of cold resistance (worn)
Jewellery
 e - an amulet of the acrobat (around neck)
 i - a +6 ring of intelligence (left hand)
Scrolls
 b - a scroll of fog {unknown}
 c - a scroll of blinking
 g - a scroll of vulnerability {unknown}
 h - a scroll of identify {unknown}
 n - a scroll of teleportation {unknown}
Potions
 f - 2 potions of heal wounds {unknown}
 j - a potion of flight {unknown}
 o - a potion of haste {unknown}


   Skills:
 + Level 2.1 Fighting
 + Level 2.2 Long Blades
 + Level 0.9 Throwing
 + Level 1.2 Armour
 + Level 2.0 Dodging
 - Level 2.0 Spellcasting
 + Level 3.1 Translocations


You had 6 spell levels left.
You didn't know any spells.
Your spell library contained the following spells:

 Spells                   Type           Power      Damage    Failure   Level
 Blink                    Tloc           30%        N/A       8%          2
 Lesser Beckoning         Tloc           30%        N/A       8%          2
 Teleport Other           Tloc           15%        N/A       16%         3
 Vhi's Electric Charge    Tloc/Air       18%        N/A       28%         3
 Manifold Assault         Tloc           15%        N/A       45%         4


Dungeon Overview and Level Annotations

Branches:
Dungeon (2/15)

Altars:


Innate Abilities, Weirdness & Mutations

You may rarely emit foul miasma when damaged in melee.


Message History

Increase (S)trength, (I)ntelligence, or (D)exterity?
You feel clever. x2
HP restored.
Found an escape hatch in the floor.
A kobold comes into view. It is wielding a +0 short sword.
The kobold shouts!
A goblin comes into view. It is wielding a +1 dagger of venom.
The goblin shouts!
The kobold closely misses you.
You hit the kobold.
The kobold is moderately wounded.
The kobold hits you with a +0 short sword.
You emit a cloud of foul miasma!
You hit the kobold.
You kill the kobold!
The goblin completely misses you.
You see here a +0 short sword.
You closely miss the goblin.
The goblin hits you with a +1 dagger of venom.
You are poisoned.
You hit the goblin but do no damage.
You feel sick. The goblin barely misses you.
You barely miss the goblin.
You feel sick.
The goblin hits you with a +1 dagger of venom.
You are lethally poisoned!
The goblin closely misses you.
You hit the goblin.
The goblin is heavily wounded.
You feel very sick.
The goblin hits you with a +1 dagger of venom.
You are more poisoned.
You barely miss the goblin.
The goblin is heavily wounded.
* * * LOW HITPOINT WARNING * * *
You feel very sick.
The goblin hits you with a +1 dagger of venom.
* * * LOW HITPOINT WARNING * * *
You are more poisoned.
You emit a cloud of foul miasma!
You die...

#.# ##.#
.... #..#
#..#
######..#
......>g#
#°#
##########@#
.........#.#
########.#.#
......†..#.#
#######.<#.#
#.##.#
#....#
######


You could see a goblin.

Vanquished Creatures
  A dart slug (D:1)
  3 bats
  2 endoplasms (D:1)
  3 goblins (D:1)
  A hobgoblin (D:1)
  4 quokkas
  4 ball pythons (D:1)
  A kobold (D:2)
  7 rats (D:1)
26 creatures vanquished.

Notes
Turn   | Place    | Note
-------+----------+-------------------------------------------
     0 | D:1      | monsoonserge the Demonspawn Warper began the quest for the
                  | Orb.
     0 | D:1      | Reached XP level 1. HP: 16/16 MP: 3/3
   201 | D:1      | Reached skill level 3 in Translocations
   235 | D:1      | Gained mutation: You may rarely emit foul miasma when
                  | damaged in melee. [demonic ancestry]
   235 | D:1      | Reached XP level 2. HP: 12/22 MP: 5/5
   282 | D:1      | Reached skill level 1 in Armour
   878 | D:2      | Reached XP level 3. HP: 24/27 MP: 6/6
   910 | D:2      | Succumbed to a goblin's poison

Illustrated notes

Levels and vault maps discovered:
D:1:      tarquinn_simple_flora_water_d, layout_basic, hangedman_decor_push
D:2:      layout_basic, chequers_ecumenical_altar_island, chequers_jeans,
          minmay_tromino_v4_c

Skill      XL: |  1  2 |
---------------+-------+-----
Translocations | 3 |  3.1
Dodging        | 2 |  2.0
Long Blades    | 2 |  2.2
Armour         | 1 |  1.2
Fighting       | |  2.1
Throwing       | |  0.9
Spellcasting   | |  2.0

Action                     || total
---------------------------++-------
  Melee: Falchion          ||    93
   Stab: Sleeping          ||     1
 Armour: Leather armour    ||    26
  Dodge: Dodged            ||    85
